 Dungeon Crawl Stone Soup version 0.21.1-1-g345015f (webtiles) character file.

115 Mirai the Magician (level 4, -5/24 HPs)
             Began as a Deep Elf Conjurer on Apr 4, 2018.
             Slain by Mirai's ghost (8 damage)
             ... on level 3 of the Dungeon.
             The game lasted 00:06:23 (1904 turns).

Mirai the Magician (Deep Elf Conjurer)              Turns: 1904, Time: 00:06:23

Health: -5/24      AC:  2    Str:  5    XL:     4   Next: 68%
Magic:  10/14      EV: 18    Int: 21    God:
Gold:   82         SH:  0    Dex: 20    Spells: 13/16 levels left

rFire    . . .     SeeInvis .   k - +2 short sword (elec)
rCold    . . .     Gourm    .   (no shield)
rNeg     . . .     Faith    .   a - +0 robe
rPois    .         Spirit   .   (no helmet)
rElec    .         Reflect  .   (no cloak)
rCorr    .         Harm     .   (no gloves)
MR       .....                  (no boots)
Stlth    +++.......             g - amulet of magic regeneration
HPRegen  0.08/turn              (no ring)
MPRegen  0.39/turn              (no ring)

@: agile, about to teleport
A: no striking features
a: no special abilities


You were on level 3 of the Dungeon.
You were hungry.

You visited 1 branch of the dungeon, and saw 3 of its levels.

You collected 82 gold pieces.

Inventory:

Hand Weapons
 k - a +2 short sword of electrocution (weapon)
Armour
 a - a +0 robe (worn)
Jewellery
 g - an amulet of magic regeneration (around neck)
Scrolls
 e - 5 scrolls of identify {unknown}
 f - 5 scrolls of remove curse {unknown}
 j - a scroll of enchant weapon {unknown}
 m - a scroll of amnesia {unknown}
 n - a scroll of immolation {unknown}
Potions
 h - 2 potions of curing {unknown}
Books
 b - a book of Conjurations

   Spells                             Type                      Level
   a - Magic Dart                     Conjuration                  1
   b - Searing Ray                    Conjuration                  2
   c - Dazzling Spray                 Conjuration/Hexes            3
   d - Fulminant Prism                Conjuration/Hexes            4
   e - Force Lance                    Conjuration/Translocation    4
   f - Iskenderun's Mystic Blast      Conjuration                  4
Comestibles
 c - 4 rations


   Skills:
 - Level 2.4 Dodging
 - Level 2.4 Stealth
 + Level 6.7 Spellcasting
 - Level 4.3 Conjurations


You had 13 spell levels left.
You knew the following spells:

 Your Spells              Type           Power        Failure   Level  Hunger
a - Magic Dart            Conj           ####         1%          1    None
b - Searing Ray           Conj           ####..       2%          2    None


Dungeon Overview and Level Annotations

Branches:
Dungeon (3/15)

Altars:
Elyvilon
Nemelex Xobeh

Annotations:
D:3 Mirai's ghost, amateur DECj


Message History

You feel strangely unstable.
It was a scroll of teleportation.
The rat closely misses you. Mirai's ghost hits you!
Unknown command.
Casting: Searing Ray
Confirm with . or Enter, or press ? or * to list all spells.
Aiming: Searing Ray
Press: ? - help, Shift-Dir - straight line, f/p - Mirai's ghost
Aim: Mirai's ghost, wielding a weapon of electrocution (moderately damaged)
The searing ray misses Mirai's ghost. (Press . to maintain the ray.)
The rat bites you.
Mirai's ghost gestures at you while chanting.
The magic dart hits you!
* * * LOW HITPOINT WARNING * * *
It was a potion of agility.
You feel agile all of a sudden. The rat barely misses you.
Mirai's ghost whispers, "The ORB doesn't exist."
Mirai's ghost hits you!
You die...

#.#####. #.#
#.#####+#####
#.##.........
#.##..........
#.##..........
#.##...........
#.##..........h###
#.............hr@#
###...........h#W#
<...########## #.#
#####....# #.#
#####....# #.#
...##....# #.#
##.##....# #.#
##.##....#######.#
##.##............#


You could see Mirai's ghost, 3 jackals and a rat.

Vanquished Creatures
  2 adders
  4 gnolls (D:2)
  2 worms
  2 dart slugs
  A leopard gecko (D:2)
  A giant cockroach (D:2)
  13 goblins
  3 hobgoblins
  2 jackals
  A quokka (D:2)
  6 bats
  4 frilled lizards
  5 kobolds
  3 rats
49 creatures vanquished.

Notes
Turn   | Place    | Note
-------+----------+-------------------------------------------
     0 | D:1      | Mirai the Deep Elf Conjurer began the quest for the Orb.
     0 | D:1      | Reached XP level 1. HP: 10/10 MP: 6/6
   169 | D:1      | Reached skill level 4 in Spellcasting
   169 | D:1      | Reached XP level 2. HP: 15/15 MP: 3/9
   785 | D:1      | Reached skill level 5 in Spellcasting
   785 | D:1      | Reached XP level 3. HP: 4/19 MP: 1/11
  1094 | D:2      | Learned a level 2 spell: Searing Ray
  1220 | D:2      | Reached XP level 4. HP: 24/24 MP: 2/13
  1262 | D:2      | Reached skill level 6 in Spellcasting
  1286 | D:2      | Found a sparkling altar of Nemelex Xobeh.
  1286 | D:2      | Found a white marble altar of Elyvilon.
  1646 | D:2      | Found a faded altar of an unknown god.
  1886 | D:3      | Noticed Mirai's ghost (amateur DECj)
  1896 | D:3      | HP: 1/24 [Mirai's ghost (12)]
  1904 | D:3      | Slain by Mirai's ghost

Skill      XL: |  1  2  3  4 |
---------------+-------------+-----
Spellcasting   | 4 5 6 |  6.7
Dodging        | |  2.4
Stealth        | |  2.4
Conjurations   | |  4.3

Action                   |  1- 3 |  4- 6 || total
-------------------------+-------+-------++-------
Melee: Short sword       |     9 |     3 ||    12
 Cast: Magic Dart        |    55 |    27 ||    82
       Searing Ray       |     1 |     7 ||     8
  Use: Potion            |     2 |     2 ||     4
       Scroll            |       |     1 ||     1
  Eat: Chunk             |     1 |     1 ||     2
Armor: Robe              |     4 |     1 ||     5
       Skin              |    33 |       ||    33
Dodge: Dodged            |    22 |    13 ||    35
